 Dungeon Crawl Stone Soup version 0.25.1-2-g60ff931df9 (webtiles) character file.

Game seed: 7674651156527061175

224 Curus the Chopper (level 5, -1/45 HPs)
             Began as a Minotaur Fighter on Sept 13, 2020.
             Slain by Grinder (4 damage)
             ... on level 4 of the Dungeon.
             The game lasted 00:14:13 (2958 turns).

Curus the Chopper (Minotaur Fighter)                Turns: 2958, Time: 00:14:14

Health: -1/45      AC:  6    Str: 21    XL:     5   Next: 67%
Magic:  4/4        EV:  7    Int:  6    God:
Gold:   168        SH:  9    Dex:  9    Spells: 4/4 levels left

rFire    . . .     SeeInvis .   a - +2 war axe
rCold    . . .     Gourm    .   c - +0 kite shield
rNeg     . . .     Faith    .   b - +0 scale mail
rPois    .         Spirit   .   k - +0 hat
rElec    .         Reflect  .   (no cloak)
rCorr    .         Harm     .   (no gloves)
MR       .....                  (no boots)
Stlth    ..........             (no amulet)
HPRegen  0.15/turn              (no ring)
MPRegen  0.09/turn              (no ring)

@: mighty
A: retaliatory headbutt, horns 2
a: no special abilities


You were on level 4 of the Dungeon.
You were not hungry.

You visited 1 branch of the dungeon, and saw 4 of its levels.

You collected 168 gold pieces.

Inventory:

Hand Weapons
 a - a +2 war axe (weapon)
 l - a +1 hand axe of flaming
Armour
 b - a +0 scale mail (worn)
 c - a +0 kite shield (worn)
 k - a +0 hat (worn)
Jewellery
 h - an uncursed ring of attention
Wands
 m - a wand of digging (6)
 o - a wand of flame (20)
Scrolls
 e - 2 scrolls of identify
Potions
 i - 2 potions of haste
 j - a potion of heal wounds
Comestibles
 f - 4 rations


   Skills:
 - Level 3.6 Fighting
 + Level 7.3 Axes
 - Level 3.6 Armour
 - Level 3.6 Shields


You had 4 spell levels left.
You didn't know any spells.
Your spell library contained the following spells:

 Spells                   Type           Power        Failure   Level  Hunger
 Animate Skeleton         Necr           N/A          99%         1    ##.....
 Apportation              Tloc           #.....       99%         1    ##.....
 Corona                   Hex            #......      99%         1    ##.....
 Summon Small Mammal      Summ           #...         99%         1    ##.....


Dungeon Overview and Level Annotations

Branches:
Dungeon (4/15)
 Temple: D:4-7

Altars:
Ashenzari
Dithmenos
Gozag

Annotations:
D:4 Grinder


Innate Abilities, Weirdness & Mutations

You reflexively headbutt those who attack you in melee.
You have a pair of horns on your head.


Message History

You block Grinder's attack.
You closely miss Grinder. Grinder hits you.
You completely miss Grinder. You block Grinder's attack. Grinder hits you!
You writhe in agony.
You slash Grinder!
Grinder is moderately wounded.
Grinder gestures at you. Pain shoots through your body!
You barely miss Grinder.
Grinder is moderately wounded.
Grinder hits you.
You writhe in agony.
You hit Grinder. Your headbutt misses Grinder.
Grinder is heavily wounded.
Grinder hits you!
You writhe in agony.
* * * LOW HITPOINT WARNING * * *
You feel very mighty all of a sudden. Grinder hits you!
* * * LOW HITPOINT WARNING * * *
You writhe in agony.
You die...

.#.. #.............#.. #
...##.......<#.####..
#.#..........###...#..#
#.#.....##†.# ##..#.)#
#....##.##%## #......#
##[.........# #......#
#.........†.# #.#.....
..........#.#####....#..
#....5@....[##....#.#.#
###...............###..
#..?..>..#.##..#.###.
..................#####......##.
...........#.....)# #........##
.....5....###....## #...####...
..........###..... ##### ##.#
.................# ###
................# #


You could see Grinder.

Vanquished Creatures
  A bullfrog (D:4)
  A howler monkey (D:4)
  4 adders
  3 dart slugs
  4 leopard geckos
  2 orcs
  7 bats
  A bat zombie (D:1)
  2 giant cockroaches
  8 goblins
  6 hobgoblins
  3 jackals (D:4)
  8 kobolds
  2 quokkas
  7 frilled lizards
  A jackal zombie (D:1)
  8 rats
68 creatures vanquished.

Notes
Turn   | Place    | Note
-------+----------+-------------------------------------------
     0 | D:1      | Curus the Minotaur Fighter began the quest for the Orb.
     0 | D:1      | Reached XP level 1. HP: 19/19 MP: 0/0
    66 | D:1      | Reached skill level 3 in Axes
    78 | D:1      | Reached XP level 2. HP: 15/26 MP: 1/1
   220 | D:1      | Found a shattered altar of Ashenzari.
   475 | D:1      | Reached skill level 4 in Axes
  1276 | D:2      | Reached XP level 3. HP: 31/31 MP: 2/2
  1880 | D:3      | Found an opulent altar of Gozag.
  1908 | D:3      | Reached skill level 5 in Axes
  2149 | D:3      | Reached XP level 4. HP: 39/39 MP: 3/3
  2301 | D:3      | Found a shadowy altar of Dithmenos.
  2648 | D:4      | Noticed Grinder
  2733 | D:4      | Paralysed by Grinder for 4 turns
  2937 | D:4      | Reached skill level 6 in Axes
  2937 | D:4      | Reached XP level 5. HP: 45/45 MP: 4/4
  2947 | D:4      | Reached skill level 7 in Axes
  2958 | D:4      | Slain by Grinder

Illustrated notes

Levels and vault maps discovered:
D:1:      saegor_arrival_fortress, layout_loops_ring, evilmike_ruin_ashenzari
D:2:      layout_loops_cross, minivault_26
D:3:      layout_basic, overflow_temple_1_default,
          nicolae_overflow_hidden_temple, first_ration,
          nicolae_gozag_cash_rules_everything_around_me
D:4:      layout_cave_pools, uniq_grinder

Skill      XL: |  1  2  3  4  5 |
---------------+----------------+-----
Axes           | 3 4 5 6 7 |  7.3
Fighting       | |  3.6
Armour         | |  3.6
Shields        | |  3.6

Action                   |  1- 3 |  4- 6 || total
-------------------------+-------+-------++-------
Melee: War axe           |   118 |    40 ||   158
       Headbutt          |    20 |     5 ||    25
  Use: Scroll            |     8 |     2 ||    10
       Potion            |     4 |     1 ||     5
  Eat: Chunk             |     4 |     3 ||     7
Armor: Scale mail        |    50 |    20 ||    70
Dodge: Dodged            |    37 |    15 ||    52
Block: Kite shield       |    47 |    20 ||    67
